 Dungeon Crawl Stone Soup version 0.22.1-1-ga44c0e5 (webtiles) character file.

260 suicidejoker the Grave Robber (level 5, -3/40 HPs)
             Began as a Mummy Necromancer on Sept 21, 2018.
             Hit by a stone thrown by a gnoll (4 damage)
             ... on level 3 of the Dungeon.
             The game lasted 00:09:00 (3734 turns).

suicidejoker the Grave Robber (Mummy Necromancer)   Turns: 3734, Time: 00:09:01

Health: -3/40      AC:  3    Str: 12    XL:     5   Next: 95%
Magic:  2/10       EV: 12    Int: 15    God:
Gold:   178        SH:  0    Dex: 12    Spells: 7/11 levels left

rFire    x . .     SeeInvis .   g - +4 hunting sling
rCold    + . .     Gourm    .   (no shield)
rNeg     + + +     Faith    .   a - +0 robe
rPois    ∞         Spirit   .   (no helmet)
rElec    .         Reflect  .   (no cloak)
rCorr    .         Harm     .   (no gloves)
MR       .....                  h - +0 pair of boots
Stlth    ++........             (no amulet)
HPRegen  0.13/turn              (no ring)
MPRegen  0.12/turn              (no ring)

@: no status effects
A: no food or potions, fire vulnerability, cold resistance 1, negative energy
resistance 3, torment resistance, unbreathing
a: no special abilities


You were on level 3 of the Dungeon.
You were not hungry.

You visited 1 branch of the dungeon, and saw 3 of its levels.

You collected 178 gold pieces.

Inventory:

Hand Weapons
 g - a +4 hunting sling (weapon)
 j - a +0 morningstar
Missiles
 c - 26 stones (quivered)
 e - 4 javelins
Armour
 a - a +0 robe (worn)
 h - a +0 pair of boots (worn)
Scrolls
 b - 6 scrolls of magic mapping
 d - a scroll of noise {unknown}
 f - 6 scrolls of identify {unknown}
 i - a scroll of fog {unknown}


   Skills:
 * Level 2.9 Fighting
 * Level 2.4 Armour
 - Level 1.5 Dodging
 - Level 1.5 Stealth
 + Level 3.8 Spellcasting
 * Level 5.0 Necromancy


You had 7 spell levels left.
You knew the following spells:

 Your Spells              Type           Power        Failure   Level  Hunger
a - Pain                  Necr           ###.         2%          1    N/A
b - Vampiric Draining     Necr           ###.......   7%          3    N/A

Your spell library contained the following spells:

 Spells                   Type           Power        Failure   Level  Hunger
 Animate Skeleton         Necr           N/A          2%          1    N/A
 Animate Dead             Necr           N/A          22%         4    N/A
 Regeneration             Chrm/Necr      Unusable     N/A         3    N/A

Dungeon Overview and Level Annotations

Branches:
Dungeon (3/15)

Altars:
Wu Jian

Annotations:
D:3 2 transporters, Grinder; fispok69's ghost, amateur OpTm


Innate Abilities, Weirdness & Mutations

You do not eat or drink.
Your flesh is vulnerable to fire.
You are immune to poison.
Your flesh is cold resistant. (rC+)
You are immune to negative energy. (rN+++)
You are immune to unholy pain and torment.
You can survive without breathing.


Message History

Firing (i - inventory. (/) - cycle)
c - 27 stones (quivered)
Press: ? - help, Shift-Dir - straight line, f - hobgoblin
Aim: a hobgoblin You shoot a stone.
The stone hits the hobgoblin!
You kill the hobgoblin!
The gnoll hits you from afar with a spear!
The orc throws a tomahawk.
The tomahawk hits you.
* * * LOW HITPOINT WARNING * * *
The orc jeers loudly.
The orc throws a tomahawk.
The tomahawk hits you but does no damage.
The gnoll hits you from afar with a spear!
* * * LOW HITPOINT WARNING * * *
You can't drink.
Okay, then.
The orc throws a tomahawk.
The tomahawk hits you.
* * * LOW HITPOINT WARNING * * *
You see here a tomahawk.
The gnoll throws a stone.
The stone hits you.
You die...

######.##...####### #.#,*,*
.#####.##..## #.#,*,*
....[†).#.## #.#,*,***
≈.≈≈≈≈..#.###########.#,,,,,*
≈.≈≈≈≈..<.............#,,,#,*
≈.≈≈≈≈.#..##########..#,#.#.*****
≈.≈≈≈≈.#.>............#..(.(,,,,,
..≈≈≈≈.#############(o(.#.#,,,,,,
.......# #..@((g(ol..(#######
.≈≈≈≈≈.# #.############......
.≈≈≈≈≈.# #,* #5##### .≈≈≈≈≈.# *,*
#.# .≈≈≈≈≈.# *,######### #.#
.......# *,#.§...5.# #.# ########
*,#.#####.# #5# *,#.# #.# #.#
**********,#.# #.# #.#


You could see a gnoll, 2 orcs and a leopard gecko.

Vanquished Creatures
  An orc wizard (D:3)
  Jessica (D:3)
  6 gnolls (D:3)
  5 adders
  An adder zombie (D:3)
  4 worms
  4 dart slugs
  A leopard gecko (D:1)
  6 orcs (D:3)
  3 giant cockroaches
  12 goblins
  9 hobgoblins
  2 ball pythons
  4 bats
  4 frilled lizards
  10 kobolds
  6 rats
79 creatures vanquished.

Notes
Turn   | Place    | Note
-------+----------+-------------------------------------------
     0 | D:1      | suicidejoker the Mummy Necromancer began the quest for the
                  | Orb.
     0 | D:1      | Reached XP level 1. HP: 13/13 MP: 4/4
   387 | D:1      | Reached XP level 2. HP: 19/20 MP: 1/5
   584 | D:1      | Reached skill level 1 in Fighting
  1114 | D:1      | Reached XP level 3. HP: 26/26 MP: 0/7
  1541 | D:1      | Learned a level 3 spell: Vampiric Draining
  1757 | D:1      | Reached skill level 1 in Armour
  2081 | D:2      | Reached XP level 4. HP: 17/33 MP: 1/8
  2732 | D:2      | Found an ornate altar of the Wu Jian Council.
  3087 | D:3      | Noticed Grinder
  3088 | D:3      | Paralysed by Grinder for 2 turns
  3097 | D:3      | Paralysed by Grinder for 7 turns
  3323 | D:3      | Found a transporter.
  3328 | D:3      | Noticed fispok69's ghost (amateur OpTm)
  3336 | D:3      | Noticed Jessica
  3342 | D:3      | Killed Jessica
  3342 | D:3      | Reached XP level 5. HP: 39/39 MP: 10/10
  3475 | D:3      | Reached skill level 5 in Necromancy
  3668 | D:3      | Found a transporter.
  3733 | D:3      | HP: 1/40 [orc/tomahawk (2)]
  3734 | D:3      | Hit by a stone thrown by a gnoll

Skill      XL: |  1  2  3  4  5 |
---------------+----------------+-----
Fighting       | 1 2 |  2.9
Spellcasting   | 3 |  3.8
Armour         | 1 2 |  2.4
Necromancy     | 5 |  5.0
Dodging        | |  1.5
Stealth        | |  1.5

Action                   |  1- 3 |  4- 6 || total
-------------------------+-------+-------++-------
Melee: Unarmed           |    21 |       ||    21
       Club              |     7 |       ||     7
 Fire: Hunting sling     |    40 |   120 ||   160
 Cast: Pain              |    49 |       ||    49
       Vampiric Draining |     3 |     8 ||    11
  Use: Scroll            |       |     1 ||     1
 Stab: Sleeping          |     1 |       ||     1
Armor: Robe              |     4 |     7 ||    11
Dodge: Dodged            |    32 |    42 ||    74
